Map: 蓝移-天梯版

Players

晴空灬未岛 - Winner!

  • Race: Zerg Zerg
  • League: Master

肉多大魔王

  • Race: Protoss Protoss
  • League: Master

VOD

Have the link to the VOD?

Description

Time

  • Played on: Nov. 26, 2018, 7:06 a.m.
  • Length: 5:26
Show
View Real Time Build Order
Export as new Build Order

晴空灬未岛 Zerg - Winner!

Build Orders: Pool First 

Get SALT Encoding   

  12  0:01  Drone  
  13  0:08  Drone  
  14  0:16  Overlord  
  14  0:34  Drone x3  
  17  0:46  Spawning Pool  
  17  0:48  Extractor  
  16  0:50  Drone  
  16  1:16  Drone  
  17  1:19  Hatchery, Drone  
  17  1:23  Drone  
  18  1:29  Drone  
  19  1:39  Queen  
  21  1:48  Metabolic Boost  
  21  1:50  Zergling x2  
  22  1:56  Overlord  
  22  2:02  Overlord  
  22  2:25  Lair  
  22  2:27  Zergling x2  
  22  2:29  Zergling x2  
  24  2:31  Queen  
  24  2:32  Zergling x2  
  24  2:35  Zergling x2  
  28  2:42  Zergling x2  
  29  2:44  Zergling x2  
  30  2:54  Zergling x2  
  31  2:59  Zergling x2  
  31  3:06  Queen  
  31  3:09  Zergling x2  
  31  3:11  Zergling x2  
  35  3:16  Zergling x4  
  37  3:29  Nydus Network  
  37  3:30  Zergling x2  
  37  3:31  Zergling x2  
  38  3:40  Zergling x4  
  40  3:49  Zergling x4  
  42  3:58  Zergling x2  
  42  4:00  Overlord  
  43  4:06  Nydus Canal  
  43  4:12  Overlord  
  43  4:17  Queen  
  43  4:20  Zergling x4  
  43  4:21  Nydus Canal  
  47  4:27  Zergling x2  
  48  4:35  Zergling x2, Nydus Canal  
  48  4:40  Zergling x2  
  43  4:47  Zergling x2  
  43  4:50  Zergling x2  
  42  4:53  Zergling x4  
  43  5:02  Nydus Canal  
  43  5:03  Zergling x2  
  43  5:06  Zergling x2  
  42  5:17  Nydus Canal  
Show
View Real Time Build Order
Export as new Build Order

肉多大魔王 Protoss 

Build Orders:  

Get SALT Encoding   

  12  0:01  Probe  
  13  0:13  Probe  
  14  0:23  Pylon  
  14  0:25  Probe  
  15  0:41  Probe  
  16  0:43  Gateway  
  16  0:50  Assimilator  
  16  0:53  Probe  
  17  1:01  Probe  
  17  1:09  Probe  
  18  1:12  Gateway  
  19  1:19  Probe  
  20  1:31  Probe  
  20  1:32  Cybernetics Core  
  21  1:39  Zealot  
  21  1:41  Pylon  
  23  1:54  Assimilator  
  23  1:59  Probe  
  24  2:09  Adept x2  
  24  2:11  Probe  
  24  2:13  Warp Gate  
  29  2:25  Probe  
  30  2:40  Nexus  
  30  2:45  Shield Battery  
  30  2:52  Pylon  
  30  3:10  Adept  
  32  3:13  Adept  
  32  3:17  Shield Battery  
  34  3:32  Pylon  
  34  3:37  Adept  
  34  3:40  Adept  
  38  3:43  Pylon  
  38  3:49  Pylon  
  38  4:03  Probe x2  
  38  4:06  Twilight Council  
  40  4:13  Gateway  
  40  4:15  Probe x2  
  40  4:16  Gateway  
  42  4:19  Pylon  
  39  4:40  Adept  
  39  4:43  Adept  
  41  4:50  Probe  
  28  5:04  Adept  
Tags
 
Add a new tag
Caveats
  • Supply blocks, unpowered buildings, or Contaminate may cause inaccurate times.
  • Supply counts are checked every 10 seconds.